General information
- name: BNet
- type: Ladder team game (AT/RT)
- host: Battle.net
- saver: lIlIlIlIlI
map: GolemsInTheMist
- players: 8
- length: 32:52
- speed: Fast
- version: 1.26 W3XP
- replay type: Public
» download(192 KB)
Players
team 1 (winner)

»
massitems (
purple | 0 APM | 3 actions | 32:52)

»
Acrimonious (
yellow | 24 APM | 37 actions | 01:30)
» actions
| Assign group hotkey | 1 | |
| Build / train | 4 | |
| Enter build submenu | 4 | |
| Right click | 14 | |
| Select / deselect | 10 | |
| Use ability | 4 | |
37 total
» units
» buildings
| Altar of Kings | 1 | |
| Farm | 2 | |
| Barracks | 1 | |
4 total
» build order
00:07 Altar of Kings
00:08 Farm
00:36 Barracks
00:59 Farm
lIlIlIlIlI (
green | 75 APM | 2458 actions | 32:52)
8 Blood Mage
3 Flame Strike
3 Siphon Mana
1 Summon Phoenix
1 Banish
1 Mountain King
1 Thunder Clap
» actions
| Assign group hotkey | 55 | |
| Basic commands | 162 | |
| Build / train | 169 | |
| ESC pressed | 3 | |
| Enter build submenu | 56 | |
| Enter hero's abilities submenu | 9 | |
| Give item / drop item | 1 | |
| Remove unit from queue | 1 | |
| Right click | 855 | |
| Select / deselect | 499 | |
| Select group hotkey | 459 | |
| Use ability | 189 | |
2458 total
» units
| Peasant | 18 | |
| Footman | 8 | |
| Goblin Shredder | 1 | |
| Sorceress | 1 | |
| Dragonhawk Rider | 12 | |
| Gryphon Rider | 7 | |
47 total
» upgrades
| Masonry | 3 | |
| Lumber Harvesting | 2 | |
| Swords | 3 | |
| Sorceress Training | 2 | |
| Magic Sentry | 1 | |
| Armor | 3 | |
| Storm Hammers | 1 | |
| Animal War Training | 1 | |
| Cloud | 1 | |
17 total
» buildings
| Altar of Kings | 1 | |
| Barracks | 1 | |
| Farm | 9 | |
| Arcane Vault | 1 | |
| Lumber Mill | 1 | |
| Scout Tower | 34 | |
| Arcane Tower | 2 | |
| Guard Tower | 45 | |
| Keep | 1 | |
| Town Hall | 3 | |
| Blacksmith | 1 | |
| Arcane Sanctum | 1 | |
| Castle | 2 | |
| Gryphon Aviary | 2 | |
104 total
» build order
00:04 Altar of Kings
00:10 Barracks
00:13 Farm
00:59 Farm
01:36 Arcane Vault
02:13 Lumber Mill
02:28 Scout Tower
02:46 Farm
02:54 Arcane Tower
02:54 Arcane Tower
03:05 Scout Tower
03:05 Scout Tower
03:08 Scout Tower
03:13 Scout Tower
03:14 Scout Tower
04:12 Guard Tower
04:12 Guard Tower
04:12 Guard Tower
05:07 Keep
05:43 Farm
07:06 Town Hall
07:09 Scout Tower
07:11 Scout Tower
07:13 Scout Tower
07:21 Blacksmith
07:38 Guard Tower
07:38 Guard Tower
07:39 Guard Tower
07:42 Guard Tower
07:42 Guard Tower
08:13 Farm
08:43 Scout Tower
08:44 Scout Tower
08:48 Scout Tower
08:51 Scout Tower
09:10 Guard Tower
09:11 Guard Tower
09:11 Guard Tower
09:11 Guard Tower
09:20 Guard Tower
09:20 Guard Tower
09:21 Guard Tower
09:23 Guard Tower
09:24 Guard Tower
09:27 Arcane Sanctum
09:58 Castle
09:58 Castle
10:23 Scout Tower
10:24 Scout Tower
10:26 Scout Tower
10:32 Scout Tower
10:54 Guard Tower
10:54 Guard Tower
10:54 Guard Tower
11:00 Guard Tower
11:01 Guard Tower
11:04 Gryphon Aviary
11:09 Gryphon Aviary
13:06 Farm
14:31 Farm
14:33 Farm
15:22 Scout Tower
15:23 Scout Tower
15:26 Scout Tower
16:46 Farm
18:06 Scout Tower
18:07 Scout Tower
18:08 Scout Tower
18:09 Scout Tower
18:09 Scout Tower
19:12 Guard Tower
19:15 Guard Tower
19:16 Guard Tower
19:25 Guard Tower
19:26 Guard Tower
19:36 Guard Tower
19:36 Guard Tower
19:37 Guard Tower
19:57 Town Hall
23:30 Scout Tower
23:30 Scout Tower
23:31 Scout Tower
23:32 Scout Tower
23:33 Scout Tower
24:47 Guard Tower
24:49 Town Hall
24:50 Guard Tower
24:50 Guard Tower
26:40 Scout Tower
26:40 Scout Tower
26:42 Scout Tower
26:42 Scout Tower
30:58 Guard Tower
30:58 Guard Tower
» items
| Scroll of Regeneration | 9 | |
| Lesser Clarity Potion | 5 | |
| Scroll of Town Portal | 6 | |
| Potion of Healing | 9 | |
| Potion of Mana | 3 | |
| Orb of Fire | 1 | |
33 total

»
redrocket489 (
teal | 43 APM | 1409 actions | 32:23)
7 Death Knight
3 Death Coil
3 Unholy Aura
1 Animate Dead
1 Mountain King
1 Storm Bolt
» actions
| Assign group hotkey | 19 | |
| Basic commands | 7 | |
| Build / train | 71 | |
| Enter build submenu | 29 | |
| Enter hero's abilities submenu | 8 | |
| Remove unit from queue | 3 | |
| Right click | 597 | |
| Select / deselect | 361 | |
| Select group hotkey | 264 | |
| Use ability | 50 | |
1409 total
» units
| Acolyte | 3 | |
| Ghoul | 3 | |
| Crypt Fiend | 7 | |
| Peasant | 7 | |
| Footman | 3 | |
| Flying Machine | 1 | |
| Mortar Team | 1 | |
| Siege Engine | 7 | |
| Frost Wyrm | 8 | |
40 total
» upgrades
| Creature Attack | 3 | |
| Creature Carapace | 3 | |
| Gunpowder | 3 | |
| Armor | 1 | |
| Plating | 2 | |
| Barrage | 1 | |
13 total
» buildings
| Altar of Darkness | 1 | |
| Crypt | 1 | |
| Ziggurat | 8 | |
| Graveyard | 1 | |
| Altar of Kings | 1 | |
| Farm | 7 | |
| Keep | 1 | |
| Blacksmith | 1 | |
| Halls of the Dead | 1 | |
| Lumber Mill | 1 | |
| Castle | 1 | |
| Workshop | 3 | |
| Black Citadel | 1 | |
| Sacrificial Pit | 1 | |
| Tomb of Relics | 1 | |
| Boneyard | 2 | |
32 total
» build order
00:04 Altar of Darkness
00:08 Crypt
00:14 Ziggurat
01:15 Graveyard
01:27 Ziggurat
02:48 Ziggurat
03:05 Altar of Kings
03:12 Farm
05:26 Keep
05:30 Blacksmith
05:32 Farm
05:56 Halls of the Dead
06:06 Lumber Mill
07:31 Ziggurat
07:34 Ziggurat
07:51 Castle
07:54 Workshop
07:56 Workshop
07:57 Workshop
08:41 Black Citadel
08:44 Sacrificial Pit
08:47 Tomb of Relics
10:35 Farm
10:45 Farm
11:08 Boneyard
11:14 Boneyard
11:51 Ziggurat
12:11 Farm
12:28 Farm
12:31 Farm
13:27 Ziggurat
16:01 Ziggurat
» items
team 2 (loser)

»
aWizz (
pink | 59 APM | 1702 actions | 28:39)
7 Demon Hunter
3 Mana Burn
3 Evasion
1 Metamorphosis
» actions
| Assign group hotkey | 35 | |
| Basic commands | 90 | |
| Build / train | 76 | |
| ESC pressed | 4 | |
| Enter build submenu | 19 | |
| Enter hero's abilities submenu | 7 | |
| Give item / drop item | 2 | |
| Right click | 402 | |
| Select / deselect | 338 | |
| Select group hotkey | 632 | |
| Use ability | 97 | |
1702 total
» units
| Wisp | 15 | |
| Archer | 5 | |
| Hippogryph | 24 | |
| Chimaera | 9 | |
53 total
» upgrades
| Strength of the Wild | 3 | |
| Corrosive Breath | 1 | |
| Reinforced Hides | 3 | |
| Well Spring | 1 | |
| Ultravision | 1 | |
| Nature's Blessing | 1 | |
10 total
» buildings
| Altar of Elders | 2 | |
| Moon Well | 8 | |
| Ancient of War | 1 | |
| Tree of Ages | 1 | |
| Hunter's Hall | 1 | |
| Tree of Eternity | 1 | |
| Ancient of Wind | 2 | |
| Chimaera Roost | 2 | |
| Tree of Life | 3 | |
21 total
» build order
00:08 Altar of Elders
00:15 Altar of Elders
00:20 Moon Well
01:19 Ancient of War
01:43 Moon Well
02:38 Tree of Ages
03:26 Hunter's Hall
04:12 Moon Well
04:16 Moon Well
05:02 Tree of Eternity
05:10 Ancient of Wind
05:36 Moon Well
07:24 Chimaera Roost
07:25 Chimaera Roost
07:52 Moon Well
07:53 Moon Well
09:07 Moon Well
09:17 Tree of Life
15:00 Ancient of Wind
20:27 Tree of Life
25:20 Tree of Life
» items
| Scroll of Town Portal | 1 | |
| Orb of Lightning | 1 | |
| Healing Salve | 1 | |
3 total
SORCSONLY (
red | 38 APM | 1089 actions | 28:42)
6 Archmage
3 Summon Water Elemental
2 Brilliance Aura
1 Mass Teleport
» actions
| Basic commands | 29 | |
| Build / train | 81 | |
| Enter build submenu | 30 | |
| Enter hero's abilities submenu | 6 | |
| Right click | 395 | |
| Select / deselect | 454 | |
| Use ability | 94 | |
1089 total
» units
| Peasant | 17 | |
| Sorceress | 8 | |
| Dragonhawk Rider | 5 | |
| Knight | 3 | |
| Rifleman | 9 | |
42 total
» upgrades
| Masonry | 3 | |
| Lumber Harvesting | 2 | |
| Magic Sentry | 1 | |
| Sorceress Training | 2 | |
| Control Magic | 1 | |
| Storm Hammers | 1 | |
| Cloud | 1 | |
| Swords | 3 | |
| Armor | 3 | |
| Animal War Training | 1 | |
| Long Rifles | 1 | |
| Gunpowder | 1 | |
20 total
» buildings
| Farm | 8 | |
| Altar of Kings | 1 | |
| Keep | 1 | |
| Scout Tower | 11 | |
| Lumber Mill | 1 | |
| Guard Tower | 5 | |
| Arcane Sanctum | 1 | |
| Arcane Tower | 1 | |
| Arcane Vault | 1 | |
| Castle | 1 | |
| Gryphon Aviary | 1 | |
| Barracks | 2 | |
| Blacksmith | 1 | |
| Town Hall | 2 | |
37 total
» build order
00:08 Farm
00:14 Altar of Kings
01:15 Farm
01:28 Farm
02:07 Keep
02:43 Scout Tower
02:57 Lumber Mill
03:10 Scout Tower
03:30 Scout Tower
05:09 Scout Tower
05:14 Scout Tower
05:20 Scout Tower
05:42 Scout Tower
05:48 Farm
05:50 Scout Tower
05:52 Guard Tower
06:02 Arcane Sanctum
06:08 Arcane Tower
06:29 Guard Tower
06:59 Farm
07:15 Scout Tower
07:17 Scout Tower
07:49 Guard Tower
08:11 Arcane Vault
09:25 Farm
09:41 Castle
10:01 Scout Tower
10:30 Farm
10:33 Guard Tower
11:45 Gryphon Aviary
12:22 Barracks
13:04 Guard Tower
13:33 Blacksmith
18:45 Town Hall
18:47 Town Hall
21:12 Farm
22:54 Barracks
» items
BWAWD (
blue | 79 APM | 2592 actions | 32:51)
6 Blademaster
3 Wind Walk
3 Critical Strike
» actions
| Assign group hotkey | 242 | |
| Basic commands | 124 | |
| Build / train | 69 | |
| Enter build submenu | 43 | |
| Enter hero's abilities submenu | 6 | |
| Give item / drop item | 2 | |
| Remove unit from queue | 4 | |
| Right click | 1071 | |
| Select / deselect | 300 | |
| Select group hotkey | 636 | |
| Use ability | 95 | |
2592 total
» units
| Peon | 10 | |
| Grunt | 5 | |
| Goblin Shredder | 2 | |
| Wind Rider | 10 | |
| Goblin Sapper | 13 | |
40 total
» upgrades
| Ranged Weapons | 3 | |
| Armor | 3 | |
| Envenomed Spears | 1 | |
| Reinforced Defenses | 1 | |
8 total
» buildings
| Orc Burrow | 9 | |
| Altar of Storms | 1 | |
| Barracks | 1 | |
| Voodoo Lounge | 1 | |
| Stronghold | 4 | |
| War Mill | 2 | |
| Beastiary | 4 | |
| Great Hall | 3 | |
| Watch Tower | 29 | |
| Fortress | 1 | |
55 total
» build order
00:21 Orc Burrow
00:46 Altar of Storms
00:51 Barracks
01:18 Orc Burrow
02:44 Voodoo Lounge
02:49 Stronghold
02:49 Stronghold
02:49 Stronghold
03:30 War Mill
04:29 Orc Burrow
05:42 Beastiary
05:44 Beastiary
06:10 Orc Burrow
07:02 Great Hall
09:11 Orc Burrow
09:14 Orc Burrow
10:42 Beastiary
10:44 Beastiary
10:47 Watch Tower
10:48 Watch Tower
10:49 Watch Tower
10:51 Watch Tower
10:51 Watch Tower
10:52 Watch Tower
10:53 Watch Tower
10:53 Watch Tower
10:55 Watch Tower
12:02 Fortress
12:10 Great Hall
14:43 Watch Tower
14:52 Watch Tower
14:53 Watch Tower
14:54 Watch Tower
14:55 Watch Tower
14:55 Watch Tower
14:56 Watch Tower
15:15 Watch Tower
15:17 Watch Tower
15:42 Watch Tower
15:47 Watch Tower
16:12 Watch Tower
17:00 War Mill
17:52 Watch Tower
17:54 Watch Tower
17:54 Watch Tower
17:56 Watch Tower
17:56 Watch Tower
18:38 Orc Burrow
18:46 Watch Tower
18:47 Watch Tower
18:50 Watch Tower
20:21 Orc Burrow
20:35 Orc Burrow
24:32 Great Hall
» items
| Healing Salve | 2 | |
| Orb of Lightning | 1 | |
| Scroll of Town Portal | 1 | |
4 total

»
disowner (
orange | 59 APM | 1635 actions | 27:41)
6 Shadow Hunter
3 Healing Wave
2 Serpent Ward
1 Big Bad Voodoo
» actions
| Assign group hotkey | 27 | |
| Basic commands | 4 | |
| Build / train | 56 | |
| Enter build submenu | 18 | |
| Enter hero's abilities submenu | 6 | |
| Right click | 623 | |
| Select / deselect | 402 | |
| Select group hotkey | 458 | |
| Use ability | 41 | |
1635 total
» units
| Peon | 8 | |
| Troll Headhunter/Berserker | 24 | |
| Goblin Shredder | 1 | |
| Demolisher | 4 | |
37 total
» upgrades
| Ranged Weapons | 3 | |
| Armor | 3 | |
| Troll Regeneration | 1 | |
| Berserker Upgrade | 1 | |
| Burning Oil | 1 | |
9 total
» buildings
| Orc Burrow | 9 | |
| Altar of Storms | 1 | |
| War Mill | 1 | |
| Barracks | 2 | |
| Watch Tower | 2 | |
| Voodoo Lounge | 1 | |
| Stronghold | 1 | |
| Fortress | 1 | |
18 total
» build order
00:23 Orc Burrow
00:39 Altar of Storms
00:55 War Mill
01:09 Barracks
02:02 Orc Burrow
02:32 Orc Burrow
03:17 Orc Burrow
04:25 Orc Burrow
05:12 Barracks
05:35 Watch Tower
05:39 Watch Tower
06:56 Voodoo Lounge
07:12 Stronghold
08:12 Orc Burrow
09:25 Orc Burrow
11:00 Fortress
19:05 Orc Burrow
19:36 Orc Burrow
» items
Chat log
(00:16 / 7) BWAWD: shit
(00:19 / 7) BWAWD: don't have you on friends
(00:24 / 7) BWAWD: but
(00:25 / 7) BWAWD: yay!
(00:28 / 7) BWAWD: yellow from last game is here
(00:37 / 8) lIlIlIlIlI: Who again?
(00:38 / 8) lIlIlIlIlI: name?
(00:39 / 7) BWAWD: I raped him the first battle, I had 11 wyverns he had about the same
(00:42 / 7) BWAWD: and I only lost 2
(00:42 / Allies) redrocket489: im high and drunk right now and i have to be at my sisters grad party by 10 am
(00:46 / Allies) redrocket489: and its 2 hours away
(00:49 / Allies) lIlIlIlIlI: kill yourself
(00:55 / 7) BWAWD: I'm top
(01:08 / Allies) redrocket489: meh im prolly not gonna drive lol
(01:09 / 7) BWAWD: awizz
(01:10 / 7) BWAWD: is yellow
(01:17 / 8) lIlIlIlIlI: k
(01:28 / 7) BWAWD: My name is bigwetasswilldie
(01:29 / Allies) Acrimonious: im out purps afk and youre apparently intoxicated thus useless
(01:33 / 7) BWAWD: oh well I'll settle for yellow
(01:42 / Allies) redrocket489: gg?
(01:46 / 7) BWAWD: hopefully your team doesn't drop like flies
(01:48 / 8) lIlIlIlIlI: yellow left because purple is afk and teal is high and drunk
(01:55 / Allies) lIlIlIlIlI: not over yet keep playing
(01:57 / 7) BWAWD: mass towers
(02:22 / 8) lIlIlIlIlI: why does it have to be so hard to get a good game, ugh
(02:27 / 7) BWAWD: red is straight teching
(02:29 / 7) BWAWD: he is second from top
(03:50 / 7) BWAWD: focus hero
(03:55 / 7) BWAWD: haha
(03:56 / 7) BWAWD: that fag
(04:39 / All) BWAWD: i'm so high
(04:46 / All) redrocket489: same lol
(04:55 / All) disowner: :D ditto
(05:07 / All) redrocket489: i still have half a bowl left to
(05:12 / 7) BWAWD: trying to alleviate suspicion
(05:15 / 7) BWAWD: i got in red's way
(05:19 / All) redrocket489: but i split a blunt right a fter work
(05:19 / 7) BWAWD: stalled him for 2 seconds
(06:03 / 7) BWAWD: if you can get ot level 3 harass the fuck outta red
(06:10 / 8) lIlIlIlIlI: k
(06:21 / 7) BWAWD: pink is chippo I bet
(07:27 / 7) BWAWD: i'll clear top expo
(07:33 / 8) lIlIlIlIlI: got bot left on the way
(07:42 / 7) BWAWD: k nvm
(08:48 / 7) BWAWD: pink is chippo
(09:34 / 7) BWAWD: red leech exp
(09:41 / 8) lIlIlIlIlI: teal controllign yellow, going gyro or tank
(09:47 / 8) lIlIlIlIlI: or mortar
(09:54 / 8) lIlIlIlIlI: mortars being made, workshop units anyway
(10:07 / 7) BWAWD: orange is moving out bottom he is terrible but mass hh
(10:36 / 7) BWAWD: I'm not gonna hit your team
(10:41 / 8) lIlIlIlIlI: good
(10:51 / 8) lIlIlIlIlI: got invisibility sorcs on the way to harass
(11:04 / 7) BWAWD: hit pink
(11:07 / 7) BWAWD: second from bottom
(11:15 / 7) BWAWD: red might be srocs only
(11:20 / 8) lIlIlIlIlI: they just revealed all my shit
(11:40 / 8) lIlIlIlIlI: what race is pink?
(11:44 / 7) BWAWD: ne
(11:50 / 8) lIlIlIlIlI: no way I can harass that then
(11:57 / All) disowner: pinks OP archers
(12:25 / 7) BWAWD: he in vised his chims
(12:30 / 7) BWAWD: hitting your base maybe
(12:37 / 7) BWAWD: hitting your base with 4 invis chims and dh
(12:41 / 8) lIlIlIlIlI: first dhawks on the way
(12:42 / 7) BWAWD: you got reveal on towers?
(12:45 / 8) lIlIlIlIlI: yes
(12:56 / 7) BWAWD: get a farm at goblin merc
(13:00 / 7) BWAWD: he is in yoru base nearly
(13:05 / 7) BWAWD: just to south of it
(13:08 / 7) BWAWD: we can see your shiop
(13:27 / 7) BWAWD: repair
(13:31 / 7) BWAWD: nice lawl
(13:46 / All) BWAWD: pink is terrible...
(14:02 / All) redrocket489: well we have an afk
(14:05 / 7) BWAWD: tp
(14:06 / 8) lIlIlIlIlI: how are these fags seeing me
(14:09 / 8) lIlIlIlIlI: no tp
(14:09 / All) redrocket489: and im controlling 2
(14:10 / 7) BWAWD: tp
(14:11 / 7) BWAWD: tp
(14:17 / 8) lIlIlIlIlI: how the fuck did he see me?
(14:31 / 7) BWAWD: I don't know he don't have ward
(15:23 / 7) BWAWD: they are all massing to hit you
(15:25 / Allies) redrocket489: imma hit
(15:27 / Allies) redrocket489: you got anythign
(15:29 / 8) lIlIlIlIlI: you will need to help
(15:32 / Allies) lIlIlIlIlI: yeah I got dhawks
(15:37 / Allies) lIlIlIlIlI: wait for my hero to revive
(15:40 / 8) lIlIlIlIlI: teal wnats to hit too
(16:13 / Allies) redrocket489: alright come
(16:25 / Allies) lIlIlIlIlI: omw
(16:31 / 8) lIlIlIlIlI: mass tank from yellow
(17:26 / Allies) lIlIlIlIlI: sh has like 1 hp, kill it wow
(17:26 / 7) BWAWD: i tried to kill his sh but you tped lawl
(17:53 / Allies) redrocket489: gg?
(17:59 / Allies) lIlIlIlIlI: not over yet
(18:17 / 7) BWAWD: pink bottom island
(18:55 / 8) lIlIlIlIlI: I fucking hate when flamestrike doesn't go off
(18:57 / 8) lIlIlIlIlI: so stupid
(19:01 / 7) BWAWD: i know
(19:01 / 8) lIlIlIlIlI: I hate this game why do I play it
(19:51 / 8) lIlIlIlIlI: teal unsummoning his shit
(19:53 / 7) BWAWD: teal rage quit?
(19:58 / All) disowner: lol gg
(19:59 / 8) lIlIlIlIlI: I guess
(20:03 / All) lIlIlIlIlI: not over yet faggot
(20:07 / 7) BWAWD: goddamn it
(20:10 / 7) BWAWD: your team is so stupid
(20:18 / 8) lIlIlIlIlI: purple was afk yellow left
(20:21 / All) disowner: hutz my feelingz
(20:24 / All) disowner: hurtz
(20:32 / All) lIlIlIlIlI: You lost, leave.
(21:03 / All) disowner: green who let the dogs out?
(21:07 / All) disowner: hoo hoo hoo
(21:20 / 7) BWAWD: here they come
(21:57 / 8) lIlIlIlIlI: kill hhs
(23:10 / Allies) redrocket489: we gotta hit its our only shot lol
(23:36 / 7) BWAWD: bot mid
(24:36 / Allies) redrocket489: let tanks finish
(24:36 / Allies) redrocket489: go
(24:38 / 7) BWAWD: roger
(25:24 / Allies) lIlIlIlIlI: omw
(25:43 / 7) BWAWD: focus dh
(26:20 / All) redrocket489: well gg
(26:30 / All) redrocket489: fucking purp is afk so you will have to kil lall our bases
(27:04 / All) disowner: wowww blue is base killing us...
(27:04 / 7) BWAWD: harass red
(27:14 / Allies) redrocket489: lol
(27:20 / Allies) redrocket489: go green
(27:24 / Allies) redrocket489: im gonna keep smoking
(27:24 / All) disowner: battle.net really went to shit
(27:26 / Allies) redrocket489: and watch you
(27:34 / Allies) lIlIlIlIlI: ok?
(27:39 / All) lIlIlIlIlI: It's always been this way.
(27:50 / All) aWizz: afker better partner than a backstabber
(28:05 / All) aWizz: search on 2 comps or
(28:08 / All) aWizz: buddy?
(28:09 / All) BWAWD: red tried to tp on me he lost his AM lawl
(28:24 / All) lIlIlIlIlI: we do this all the time pink you are just anotehr victim
(28:34 / All) aWizz: you're both bad
(28:36 / All) aWizz: 1v1 any day
(28:37 / 7) BWAWD: flamestrike peons
(28:37 / All) aWizz: /w me
(28:45 / 8) lIlIlIlIlI: want to 1v1 him?
(29:05 / All) BWAWD: oh he left lawl
(29:22 / All) lIlIlIlIlI: teal and purple still here, kill all my shit
(29:26 / 7) BWAWD: LOL
(29:31 / 8) lIlIlIlIlI: ?
(29:35 / All) redrocket489: haha
(29:41 / All) redrocket489: which one did you guys want to win
(29:45 / 7) BWAWD: You aren't even good faggot
(29:49 / 7) BWAWD: sorry lawl
(29:52 / 7) BWAWD: whispering awizz
(29:55 / 8) lIlIlIlIlI: lol
(30:38 / 8) lIlIlIlIlI: ARe you going to 1v1 him or did he puss out?
(32:11 / All) BWAWD: he wants me to 1v1 lawl then went on dnd
(32:18 / All) BWAWD: DODGE HERP DERP LAWL
(32:24 / All) lIlIlIlIlI: He is terrified that he would lose.
(32:29 / All) BWAWD: It would rape if he went UD
(32:31 / All) lIlIlIlIlI: teal left so your side gets the loss I guess?
(32:36 / All) lIlIlIlIlI: purp is afk he doesn't care
(32:37 / All) BWAWD: and i did bm cheese
(32:46 / All) BWAWD: yes yes yes